 Dungeon Crawl Stone Soup version 0.18.1-48-g4cf74bf (webtiles) character file.

94046 Gargoyl the Protected (level 15, -12/195 HPs)
             Began as a Demonspawn Abyssal Knight on July 1, 2016.
             Was the Champion of Lugonu.
             Mangled by an Ice Fiend (15 damage)
             ... in an ice cave.
             The game lasted 01:13:47 (25007 turns).

Gargoyl the Protected (Demonspawn Abyssal Knight)  Turns: 25007, Time: 01:13:47

Health: -12/195    AC: 26    Str: 26    XL:     15   Next: 62%
Magic:  17/17      EV: 15    Int: 19    God:    Lugonu [******]
Gold:   1691       SH: 11    Dex: 18    Spells: 0 memorised, 14 levels left

rFire  + + +     SeeInvis .     o - +7 mace of the Vulture {crush, rC+ MR+ Int+2}
rCold  + + .     Gourm    .     z - +8 chain mail of Exclusion {rElec Dex+3}
rNeg   . . .     Faith    .     p - +3 buckler {reflect}
rPois  +         Spirit   .     (helmet restricted)
rElec  +         Dismiss  .     h - +2 cloak
rCorr  +         Reflect  +     (gloves unavailable)
SustAt .         Harm     .     W - +0 pair of boots {run}
MR     ++...     Rnd*Tele +     (no amulet)
Stlth  ..........               P - ring of Midwinter {rF+ Str+2 Int+4}
                                N - ring of Xylocul {rF+ Slay+3}

@: berserking, resistant, very quick, very resistant to hostile enchantments,
extremely unstealthy
A: beak, claws 3, hooves 1, agile 1, blink, demonic guardian 2, mutation
resistance 1, poison resistance, powered by death 3, robust 1, teleportitis 1,
sturdy frame 2
a: Blink, Depart the Abyss, Bend Space, Banish, Corrupt, Enter the Abyss, Brand
Weapon With Distortion, Renounce Religion


You were in an ice cave.
You worshipped Lugonu.
Lugonu was exalted by your worship.
You were not hungry.

You visited 5 branches of the dungeon, and saw 28 of its levels.
You visited the Abyss 1 time.
You also visited: Ice Cave and Volcano.

You collected 2423 gold pieces.
You spent 732 gold pieces at shops.

Inventory:

Hand Weapons
 j - a +0 broad axe
 o - the +7 mace of the Vulture (weapon) {crush, rC+ MR+ Int+2}
   (You found it on level 4 of the Dungeon)

   It inflicts extra damage upon your enemies.
   It affects your intelligence (+2).
   It protects you from cold.
   It affects your resistance to hostile enchantments.
Missiles
 G - 4 poisoned tomahawks (quivered)
Armour
 h - a +2 cloak (worn)
 p - a +3 buckler of reflection (worn)
 z - the +8 chain mail of Exclusion (worn) {rElec Dex+3}
   (You found it on level 5 of the Lair of Beasts)

   It affects your dexterity (+3).
   It insulates you from electricity.
 W - a +0 pair of boots of running (worn)
Jewellery
 i - an uncursed ring of see invisible
 y - an uncursed ring of poison resistance
 N - the ring of Xylocul (left claw) {rF+ Slay+3}
   (You bought it in a shop on level 10 of the Dungeon)

   [ring of protection from fire]

   It affects your accuracy and damage with ranged weapons and melee attacks
   (+3).
   It protects you from fire.
 P - the ring of Midwinter (right claw) {rF+ Str+2 Int+4}
   (You found it on level 8 of the Lair of Beasts)

   [ring of protection from fire]

   It affects your strength (+2).
   It affects your intelligence (+4).
   It protects you from fire.
 X - an uncursed ring of flight
 Z - a cursed amulet of inaccuracy {unknown}
Wands
 a - a wand of flame (7/48)
 f - a wand of teleportation (5/9)
 g - a wand of lightning (7/15)
 k - a wand of disintegration (5/24)
Scrolls
 e - 7 scrolls of teleportation
 m - 2 scrolls of blinking
 s - 5 scrolls of identify
 v - a scroll of holy word {unknown}
 D - 2 scrolls of fear
 E - 3 scrolls of fog
 I - 2 scrolls of enchant weapon
 J - 3 scrolls of magic mapping
 M - a scroll of recharging
 Q - 10 scrolls of remove curse
Potions
 b - a potion of flight
 d - 4 potions of haste
 n - 3 potions of cancellation
 q - 2 potions of might
 r - a potion of resistance
 u - 3 potions of berserk rage
 A - 5 potions of curing
 U - 4 potions of agility
 V - a potion of magic
Miscellaneous
 B - an ornate deck of wonders
Comestibles
 c - 15 bread rations
 l - 9 meat rations
 t - a slice of pizza
 F - 16 beef jerkies


   Skills:
 + Level 11.4 Fighting
 + Level 3.4(7.7) Axes
 + Level 10.7(11.0) Maces & Flails
 * Level 14.8 Armour
 + Level 7.3 Dodging
 + Level 2.1 Stealth
 + Level 12.8 Shields
 + Level 3.1 Invocations
 + Level 0.4 Evocations


You had 14 spell levels left.
You didn't know any spells.

Dungeon Overview and Level Annotations

Branches:
Dungeon (15/15)            Temple (0/1) D:4            Lair (8/8) D:9
 Shoals (0/4) Lair:6       Spider (2/4) Lair:5        Slime (0/6) Lair:8
    Orc (2/2) D:12            Elf (0/3) Orc:2        Vaults (0/5) D:14
 Depths (1/5) D:15

Altars:
Cheibriados
Dithmenos
Elyvilon
Gozag
Kikubaaqudgha
Makhleb
Pakellas
Sif Muna
Trog
The Shining One
Jiyva

Shops:
D:5 (   D:6 *   D:7 %   D:10 =   D:11 %   D:13 =   D:14 [   D:15 %}
Orc:2 %:(?

Annotations:
D:9 Joseph


Innate Abilities, Weirdness & Mutations

You have claws for hands.
A demonic guardian rushes to your aid.
You regenerate a lot of health from kills.
Your movements are less encumbered by armour (ER -4).
You have a beak for a mouth.
You have large cloven feet.
You are agile. (Dex +2)
You can translocate small distances at will.
You are somewhat resistant to further mutation.
Your system is resistant to poisons.
You are robust (+10% HP).
You are occasionally teleported next to monsters.


Message History

You bludgeon the Ice Fiend!!
You peck the Ice Fiend, but do no damage.
The Ice Fiend is almost dead.
You block the Ice Fiend's attack. The Ice Fiend claws you!
* * * LOW HITPOINT WARNING * * *
The Ice Fiend freezes you! You resist.
* * * LOW HITPOINT WARNING * * *
You hit the Ice Fiend but do no damage.
You peck the Ice Fiend, but do no damage.
The Ice Fiend is almost dead.
The Ice Fiend claws you but does no damage.
The Ice Fiend barely misses you.
Unknown command.
Your chain mail of Exclusion prevents you from hitting the Ice Fiend.
You peck the Ice Fiend, but do no damage.
The Ice Fiend is almost dead.
You hit the Ice Fiend but do no damage.
The Ice Fiend is almost dead.
The Ice Fiend barely misses you. The Ice Fiend claws you!
You die...

####..## #..#
#..# ##.#...#
#.## #.##
#(.#...# #..##
#.## ###...##
##..# ##.#
#..##### #..#
##.#
#.###..####.##
##..#
#..###⌠.#
#..###..##
##.##...#
##..#...#
#...#@.#
#.....##
##..#1##
##....#
#####Z##
##..## ##Z##.#
#..# #.1#.##
#.####
#..ZZ..#.##
##.#.##
=$#.1.4#.#
##.#.#
#.ZZ#### ##.##
##.# ###


You could see an Ice Fiend and a five-headed hydra simulacrum.

Vanquished Creatures
  Nikola (Spider:1)
  Kirke (Lair:7)
  A frost giant (Depths:1)
  An emperor scorpion (Spider:1)
  The ghost of krepi the Cleaver, a journeyman MiFi of the Shining One (IceCv)
  4 hydras
  A centaur warrior (D:14)
  A dancing weapon (D:14)
  A death knight (D:14)
  2 death yaks (Lair:7)
  3 orc high priests (Orc:2)
  A deep troll (D:14)
  A hill giant (D:14)
  A necromancer (Lair:6)
  6 wolf spiders (Spider:1)
  An orc sorcerer (Orc:2)
  2 orb spiders (Spider:1)
  6 ugly things
  4 orc knights (Orc:2)
  3 deep elf magi
  A manticore (D:15)
  4 cyclopes
  2 centaur zombies
  A siren (Lair:6)
  An ice statue (IceCv)
  5 black mambas
  2 elephants (Lair:8)
  A gargoyle (D:15)
  An orange demon (D:13)
  8 komodo dragons
  12 spiny frogs
  A freezing wraith (IceCv)
  2 rime drakes
  3 centaur skeletons
  3 anaconda simulacra (IceCv)
  7 ice devils (IceCv)
  2 demonic crawlers (Spider:1)
  A golden dragon simulacrum (IceCv)
  2 trolls
  4 raiju (Lair:8)
  10 polar bears
  2 jumping spiders (Spider:1)
  2 two-headed ogres (Volcano)
  5 blink frogs (Lair:5)
  3 slime creatures
  4 redbacks
  21 yaks
  4 tarantellas (Spider:1)
  A dire elephant simulacrum (IceCv)
  4 wyverns
  A shadow (D:12)
  2 fire bats (Volcano)
  2 vampire mosquitoes (D:12)
  9 hippogriffs
  A human (D:8)
  3 hogs (Lair:7)
  A steam dragon (Lair:7)
  A hungry ghost (D:14)
  2 basilisks (Lair:8)
  3 mottled dragons (D:12)
  8 wargs
  5 harpy simulacra (IceCv)
  Edmund (D:6)
  3 hydra simulacra (IceCv)
  4 hell hounds (Lair:8)
  11 porcupines
  19 orc warriors
  19 water moccasins
  12 ice beasts
  3 sky beasts
  An alligator simulacrum (IceCv)
  An eye of draining (D:9)
  A wasp (D:12)
  3 ettin simulacra (IceCv)
  12 black bears
  3 phantoms
  5 ogres
  5 centaurs
  22 wolves
  2 big kobolds (D:11)
  14 crocodiles
  A komodo dragon zombie (Lair:6)
  16 giant frogs
  A wyvern zombie (D:9)
  2 scorpions
  31 killer bees
  7 wights (D:10)
  7 electric eels
  6 crimson imps
  2 draconian simulacra (IceCv)
  3 howler monkeys (D:13)
  2 giant frog zombies
  2 quasits
  2 giant frog skeletons
  An iron imp (D:4)
  22 hounds
  18 orc priests
  A jelly (D:12)
  5 iguanas
  21 orc wizards
  2 spriggan simulacra (IceCv)
  4 troll simulacra (IceCv)
  13 worker ants
  2 polar bear simulacra (IceCv)
  A wolf simulacrum (IceCv)
  10 sheep
  A centaur simulacrum (IceCv)
  A crocodile zombie (Lair:6)
  A hound skeleton (D:5)
  A howler monkey zombie (D:11)
  4 worker ant zombies
  8 gnolls
  18 adders
  2 naga simulacra (IceCv)
  2 ogre simulacra (IceCv)
  58 river rats
  7 shadow imps
  8 white imps (IceCv)
  5 ufetubi (IceCv)
  2 oozes (D:4)
  An adder skeleton (D:4)
  A worm (D:3)
  6 dart slugs
  9 giant geckos
  64 orcs
  3 ball pythons
  7 bats
  3 giant cockroaches
  11 goblins
  8 hobgoblins
  9 jackals
  23 kobolds
  4 quokkas
  5 giant newts
  A jackal zombie (D:8)
  10 rats
  A fungus (Lair:5)
806 creatures vanquished.

Vanquished Creatures (collateral kills)
  Nessos (Lair:7)
  An ettin (D:12)
  4 hydras
  A dancing weapon (D:14)
  5 death yaks
  A death yak (shapeshifter) (D:15)
  Sonja (D:14)
  3 hill giants
  2 orc knights (Orc:2)
  9 ugly things
  4 orc sorcerers (Orc:2)
  A deep elf mage (D:15)
  A manticore (D:15)
  2 wolf spiders
  3 cyclopes
  2 elephants
  A centaur zombie (D:9)
  A black mamba (Lair:8)
  3 centaur skeletons
  4 spiny frogs
  A rime drake (Lair:8)
  A komodo dragon (Lair:8)
  2 trolls
  2 jumping spiders (Spider:1)
  4 polar bears
  3 blink frogs (Lair:8)
  3 slime creatures
  A shadow (D:14)
  2 redbacks (Spider:1)
  23 yaks
  A hippogriff (D:14)
  3 hogs (Lair:7)
  4 vampire mosquitoes
  9 orc warriors
  2 water moccasins
  An ice beast (Spider:2)
  3 porcupines (Lair:4)
  3 black bears
  2 phantoms
  A sky beast (D:9)
  2 eyes of draining
  An ogre (Orc:2)
  A wolf (Lair:8)
  2 crocodiles
  A big kobold (D:7)
  A giant frog (Lair:1)
  2 scorpions
  6 killer bees
  2 hounds
  A giant frog zombie (D:13)
  2 orc priests
  2 orc wizards (Orc:2)
  4 sheep (D:8)
  An adder (D:9)
  4 orcs
  2 kobolds (D:7)
155 creatures vanquished.

Vanquished Creatures (others)
  A deep elf mage (Volcano)
  Maurice (Orc:2)
  A moth of wrath (Spider:1)
  A jumping spider (Spider:1)
  2 redbacks (Spider:1)
  A hog (Volcano)
  2 centaurs
  A fungus (Lair:8)
  9 plants (Lair:8)
19 creatures vanquished.

Grand Total: 980 creatures vanquished

Notes
Turn   | Place    | Note
--------------------------------------------------------------
     0 | Abyss:1  | Gargoyl the Demonspawn Abyssal Knight began the quest for the Orb.
     0 | Abyss:1  | Reached XP level 1. HP: 18/18 MP: 2/2
    48 | Abyss:2  | Noticed a neqoxec
    75 | Abyss:2  | Noticed a smoke demon
    84 | D:1      | Escaped the Abyss
   139 | D:1      | Reached skill level 2 in Armour
   254 | D:1      | Gained mutation: You have sharp fingernails. [demonic ancestry]
   254 | D:1      | Reached XP level 2. HP: 23/24 MP: 3/3
   301 | D:1      | Reached * piety under Lugonu
   367 | D:1      | Reached skill level 1 in Dodging
   643 | D:1      | Gained mutation: Your movements are slightly less encumbered by armour (ER -2). [demonic ancestry]
   643 | D:1      | Reached XP level 3. HP: 29/29 MP: 4/4
  1204 | D:2      | Reached ** piety under Lugonu
  1903 | D:2      | Gained mutation: You regenerate a little health from kills. [demonic ancestry]
  1903 | D:2      | Reached XP level 4. HP: 35/35 MP: 5/5
  2080 | D:3      | Reached skill level 3 in Armour
  2813 | D:3      | Gained mutation: You regenerate health from kills. [demonic ancestry]
  2813 | D:3      | Reached XP level 5. HP: 41/42 MP: 6/6
  3224 | D:4      | Noticed an ogre
  3237 | D:4      | Killed an ogre
  3289 | D:4      | Reached XP level 6. HP: 12/48 MP: 7/7
  3468 | D:4      | Reached skill level 4 in Armour
  3535 | D:4      | Reached *** piety under Lugonu
  3544 | D:4      | Got an encrusted mace
  3564 | D:5      | Entered Level 5 of the Dungeon
  3572 | D:5      | Identified the +7 mace of the Vulture {crush, rC+ MR+ Int+2} (You found it on level 4 of the Dungeon)
  3722 | D:4      | Gained mutation: A weak demonic guardian rushes to your aid. [demonic ancestry]
  3722 | D:4      | Reached XP level 7. HP: 55/55 MP: 8/8
  3796 | D:4      | Found a staircase to the Ecumenical Temple.
  4003 | D:5      | Found a white marble altar of Elyvilon.
  4007 | D:5      | Found a shadowy altar of Dithmenos.
  4008 | D:5      | Found a deep blue altar of Sif Muna.
  4008 | D:5      | Found a burning altar of Makhleb.
  4057 | D:5      | Reached skill level 5 in Armour
  4156 | D:5      | Found Jiuzabij's Antique Weapon Emporium.
  4305 | D:5      | Found a burning altar of Makhleb.
  4640 | D:6      | Reached skill level 1 in Maces & Flails
  4663 | D:6      | Found an opulent altar of Gozag.
  4667 | D:6      | Found Gozag's Platinum Reserve.
  4706 | D:6      | Noticed Edmund
  4725 | D:6      | Killed Edmund
  4774 | D:6      | Reached skill level 5 in Fighting
  4774 | D:6      | Reached skill level 6 in Armour
  4774 | D:6      | Gained mutation: A demonic guardian rushes to your aid. [demonic ancestry]
  4774 | D:6      | Reached XP level 8. HP: 60/62 MP: 9/9
  4833 | D:6      | Found a bloodstained altar of Trog.
  4852 | D:6      | Reached **** piety under Lugonu
  5159 | D:6      | Reached skill level 7 in Armour
  5273 | D:7      | Found Wailout's Food Shop.
  5517 | D:7      | Reached skill level 1 in Shields
  5621 | D:7      | Gained mutation: You regenerate a lot of health from kills. [demonic ancestry]
  5621 | D:7      | Reached XP level 9. HP: 69/69 MP: 10/10
  5922 | D:8      | Reached ***** piety under Lugonu
  6034 | D:8      | Found an oddly glowing altar of Pakellas.
  6161 | D:8      | Reached skill level 8 in Armour
  6568 | D:9      | Found a staircase to the Lair.
  6568 | D:9      | Noticed an elephant
  6569 | D:9      | Noticed a troll
  6579 | D:9      | Killed an elephant
  6595 | D:9      | Reached skill level 1 in Stealth
  6605 | D:9      | Killed a troll
  6860 | D:9      | Noticed Joseph
  6868 | D:9      | Gained mutation: Your movements are less encumbered by armour (ER -4). [demonic ancestry]
  6868 | D:9      | Reached XP level 10. HP: 73/77 MP: 11/11
  6995 | D:9      | Reached skill level 9 in Armour
  7004 | D:9      | Found an ancient bone altar of Kikubaaqudgha.
  7077 | D:9      | Reached skill level 5 in Shields
  7279 | D:9      | Gained mutation: You are clumsy. (Dex -2) [mutagenic meat]
  7280 | D:9      | Gained mutation: You are robust (+10% HP). [mutagenic meat]
  7281 | D:9      | Lost mutation: You are clumsy. (Dex -2) [mutagenic meat]
  7282 | D:9      | Gained mutation: Scrolls take you a little longer to read. [mutagenic meat]
  7340 | D:10     | Entered Level 10 of the Dungeon
  7508 | D:10     | Found Hionemuck's Jewellery Shop.
  7514 | D:10     | Bought the ring of Xylocul {rF+ Slay+3} for 624 gold pieces
  7624 | D:10     | Reached skill level 5 in Maces & Flails
  7769 | D:10     | Noticed a hill giant
  7780 | D:10     | Killed a hill giant
  7929 | D:11     | Noticed an eight-headed hydra
  7935 | D:11     | Killed an eight-headed hydra
  7948 | D:11     | Noticed a hill giant
  7951 | D:11     | Reached skill level 10 in Armour
  7957 | D:11     | Killed a hill giant
  8033 | D:11     | Noticed a purple ugly thing
  8040 | D:11     | Killed a purple ugly thing
  8040 | D:11     | Gained mutation: You have very sharp fingernails. [demonic ancestry]
  8040 | D:11     | Reached XP level 11. HP: 92/92 MP: 12/12
  8072 | D:11     | Reached ****** piety under Lugonu
  8235 | D:11     | Found Ralugu Qaqe's Food Shoppe.
  8390 | D:11     | Noticed a cyan ugly thing
  8403 | D:11     | Killed a cyan ugly thing
  8443 | D:11     | Gained mutation: You are occasionally teleported next to monsters. [mutagenic meat]
  8444 | D:11     | Gained mutation: Potions and wands are less effective at restoring your health. [mutagenic meat]
  8760 | D:12     | Noticed a hill giant
  8762 | D:12     | Found a glowing golden altar of the Shining One.
  8771 | D:12     | Gained mutation: You have large cloven feet. [potion of mutation]
  8771 | D:12     | Lost mutation: Scrolls take you a little longer to read. [potion of mutation]
  8771 | D:12     | Gained mutation: You have a beak for a mouth. [potion of mutation]
  8772 | D:12     | Gained mutation: You possess an exceptional clarity of mind. [potion of mutation]
  8772 | D:12     | Gained mutation: Your mind is acute. (Int +2) [potion of mutation]
  8772 | D:12     | Gained mutation: You are agile. (Dex +2) [potion of mutation]
  8773 | D:12     | Gained mutation: You tend to lose your temper in combat. [potion of mutation]
  8774 | D:12     | Lost mutation: Potions and wands are less effective at restoring your health. [potion of mutation]
  9158 | D:12     | Reached skill level 5 in Dodging
  9316 | D:12     | Killed a hill giant
  9372 | D:12     | Found a staircase to the Orcish Mines.
  9462 | D:12     | Noticed an ettin
  9469 | D:12     | Killed an ettin
  9909 | Orc:1    | Entered Level 1 of the Orcish Mines
 10055 | Orc:2    | Entered Level 2 of the Orcish Mines
 10065 | Orc:2    | Noticed an orc knight
 10075 | Orc:2    | Killed an orc knight
 10075 | Orc:2    | Reached skill level 11 in Armour
 10168 | Orc:2    | Noticed an orc sorcerer
 10168 | Orc:2    | Found Biarea Enunn's Magic Scroll Emporium.
 10168 | Orc:2    | Noticed an orc sorcerer
 10169 | Orc:2    | Noticed an orc knight
 10169 | Orc:2    | Noticed an orc knight
 10171 | Orc:2    | Noticed an orc high priest
 10174 | Orc:2    | Noticed an orc high priest
 10176 | Orc:2    | Killed an orc sorcerer
 10176 | Orc:2    | Gained mutation: You have claws for hands. [demonic ancestry]
 10176 | Orc:2    | Reached XP level 12. HP: 83/103 MP: 14/14
 10480 | Orc:2    | Paralysed by an orc sorcerer for 3 turns
 10676 | Orc:2    | Noticed an orc high priest
 10683 | Orc:2    | Killed an orc high priest
 10728 | Orc:2    | Killed an orc high priest
 10731 | Orc:2    | Killed an orc high priest
 10780 | Orc:2    | Found Cethrauz's Food Emporium.
 10781 | Orc:2    | Found Rise's Book Boutique.
 10791 | Orc:2    | Found Hocumep's Antique Weapon Boutique.
 10840 | Orc:2    | Noticed Maurice
 10860 | Orc:2    | Found a staircase to the Elven Halls.
 11297 | Orc:2    | Killed Maurice
 11692 | D:12     | Gained mutation: Potions and wands are less effective at restoring your health. [mutagenic meat]
 11754 | Lair:1   | Entered Level 1 of the Lair of Beasts
 11760 | Lair:1   | Reached skill level 12 in Armour
 12574 | Lair:2   | Found a dark tunnel.
 12582 | Volcano  | Entered a volcano
 12997 | Lair:2   | Reached skill level 10 in Shields
 13039 | Lair:2   | Reached XP level 13. HP: 102/111 MP: 15/15
 13141 | Lair:2   | You fall through a shaft for 2 floors!
 13330 | Lair:4   | Identified a scroll of acquirement
 15190 | Lair:5   | Found a hole to the Spider Nest.
 15371 | Lair:5   | Reached skill level 13 in Armour
 15514 | Lair:5   | Identified the Handbook of a Thousand Moons
 16113 | Lair:5   | Got a steaming chain mail
 16115 | Lair:5   | Identified the +8 chain mail of Exclusion {rElec Dex+3} (You found it on level 5 of the Lair of Beasts)
 16787 | Lair:6   | Found a staircase to the Shoals.
 17050 | Lair:7   | Noticed Kirke
 17051 | Lair:7   | Noticed Nessos
 17200 | Lair:7   | Killed Nessos
 17208 | Lair:7   | Killed Kirke
 17428 | Lair:7   | Reached skill level 10 in Fighting
 17758 | Lair:7   | Reached XP level 14. HP: 113/121 MP: 16/16
 18131 | Lair:8   | Entered Level 8 of the Lair of Beasts
 18271 | Lair:8   | Found a staircase to the Slime Pits.
 18271 | Lair:8   | Found a viscous altar of Jiyva.
 19395 | Lair:8   | Reached skill level 14 in Armour
 19444 | Lair:8   | Got a coiled jade ring
 19446 | Lair:8   | Identified the ring of Midwinter {rF+ Str+2 Int+4} (You found it on level 8 of the Lair of Beasts)
 20219 | D:13     | Found Puhosuys's Jewellery Shoppe.
 20594 | D:14     | Found a gate to the Vaults.
 20726 | D:14     | Found Semi's Antique Armour Shoppe.
 20733 | D:14     | Bought a pair of embroidered boots for 108 gold pieces
 20743 | D:14     | Identified a +0 pair of boots of running (You bought it in a shop on level 14 of the Dungeon)
 20832 | D:14     | Gained mutation: You can translocate small distances at will. [mutagenic meat]
 20833 | D:14     | Gained mutation: You are somewhat resistant to further mutation. [mutagenic meat]
 20907 | D:14     | Gained mutation: Your muscles are strong. (Str +2) [mutagenic meat]
 20918 | D:14     | Gained mutation: Armour fits poorly on your strangely shaped body. [mutagenic meat]
 20919 | D:14     | Lost mutation: Your mind is acute. (Int +2) [mutagenic meat]
 21050 | D:14     | Reached skill level 10 in Maces & Flails
 21101 | D:14     | Noticed Sonja
 21104 | D:14     | Killed Sonja
 21362 | D:15     | Entered Level 15 of the Dungeon
 21363 | D:15     | Found a snail-covered altar of Cheibriados.
 21491 | D:15     | Reached XP level 15. HP: 129/129 MP: 17/17
 21649 | D:15     | Gained mutation: Your system is resistant to poisons. [mutagenic meat]
 21665 | D:15     | Found Eloseu's Gadget Shop.
 21675 | D:15     | Found Fotob's Food Shoppe.
 21848 | D:15     | Found a staircase to the Depths.
 22187 | Depths:1 | Entered Level 1 of the Depths
 22210 | Depths:1 | Noticed a frost giant
 22224 | Depths:1 | Killed a frost giant
 22591 | Spider:1 | Entered Level 1 of the Spider Nest
 23040 | Spider:1 | Noticed Nikola
 23071 | Spider:1 | Killed Nikola
 23831 | Spider:2 | Found a frozen archway.
 23832 | Spider:2 | Lost mutation: Potions and wands are less effective at restoring your health. [potion of cure mutation]
 23832 | Spider:2 | Lost mutation: Armour fits poorly on your strangely shaped body. [potion of cure mutation]
 23832 | Spider:2 | Lost mutation: You tend to lose your temper in combat. [potion of cure mutation]
 23832 | Spider:2 | Lost mutation: You possess an exceptional clarity of mind. [potion of cure mutation]
 23832 | Spider:2 | Lost mutation: Your muscles are strong. (Str +2) [potion of cure mutation]
 23888 | IceCv    | Entered an ice cave
 24007 | IceCv    | Noticed krepi's ghost (journeyman MiFi)
 24049 | IceCv    | Killed krepi's ghost
 24541 | IceCv    | Noticed an Ice Fiend
 25004 | IceCv    | HP: 2/195 [Ice Fiend (8)]
 25007 | IceCv    | Mangled by an Ice Fiend

Skill      XL: |  1  2  3  4  5  6  7  8  9 10 11 12 13 14 15 |
---------------+----------------------------------------------+-----
Armour         | 2 3 4 6 7 8 10 11 12 13 14 | 14.8
Axes           | 2 3 |  3.4
Dodging        | 1 2 3 4 5 6 7 |  7.3
Fighting       | 4 5 6 7 8 9 10 11 | 11.4
Maces & Flails | 1 3 4 5 6 7 8 10 | 10.7
Shields        | 1 4 6 8 10 11 12 | 12.8
Stealth        | 1 2 |  2.1
Invocations    | 3 |  3.1
Evocations     | |  0.4

Action                   |  1- 3 |  4- 6 |  7- 9 | 10-12 | 13-15 || total
-------------------------+-------+-------+-------+-------+-------++-------
Melee: Hand axe          |   150 |   315 |       |       |       ||   465
       Mace              |       |    30 |   345 |   859 |  1707 ||  2941
       Kick              |       |       |       |   166 |   359 ||   525
       Peck              |       |       |       |   110 |   459 ||   569
Throw: Tomahawk          |       |       |       |     2 |       ||     2
Invok: Depart the Abyss  |     1 |       |       |       |       ||     1
       Banish            |       |       |       |     1 |       ||     1
Evoke: Wand              |       |     3 |       |       |       ||     3
  Use: Scroll            |       |     5 |     8 |     9 |    17 ||    39
       Potion            |       |       |       |    20 |     7 ||    27
 Stab: Distracted        |       |       |     1 |       |     3 ||     4
       Invisible         |       |       |       |       |     2 ||     2
  Eat: Chunk             |     3 |     7 |    11 |    17 |    24 ||    62
       Fruit             |       |       |       |     7 |    24 ||    31
       Royal jelly       |       |       |       |     1 |       ||     1
       Pizza             |       |       |       |     5 |     4 ||     9
       Beef jerky        |       |       |       |       |     9 ||     9
Armor: Scale mail        |    31 |       |       |       |       ||    31
       Chain mail        |    76 |   235 |   137 |       |   795 ||  1243
       Plate armour      |       |       |    88 |   449 |   293 ||   830
       Skin              |       |       |       |    16 |       ||    16
Dodge: Dodged            |    83 |   156 |   118 |   193 |  1092 ||  1642
Block: Large shield      |       |       |   242 |   937 |   139 ||  1318
       Buckler           |       |       |       |       |  1108 ||  1108
       Reflection        |       |       |       |       |    14 ||    14
